 Dungeon Crawl Stone Soup version 0.27.1-34-g3ba077fa99 (webtiles) character file.

Game seed: 2177295741273171493

3 CryptoCactus the Poker (level 1, -4/16 HPs)
             Began as a Merfolk Gladiator on Jan 4, 2022.
             Succumbed to a kobold's poison
             ... on level 1 of the Dungeon.
             The game lasted 00:00:27 (102 turns).

CryptoCactus the Poker (Merfolk Gladiator)           Turns: 102, Time: 00:00:28

Health: -4/16      AC:  4    Str: 14    XL:     1   Next: 50%
Magic:  1/1        EV: 13    Int:  7    God:
Gold:   0          SH:  0    Dex: 15    Spells: 0/0 levels left

rFire    . . .     SeeInvis .   a - +0 trident
rCold    . . .     Faith    .   (no shield)
rNeg     . . .     Spirit   .   b - +0 leather armour
rPois    .         Reflect  .   c - +0 helmet
rElec    .         Harm     .   (no cloak)
rCorr    .         Rampage  .   (no gloves)
Will     .....                  (no boots)
Stlth    +.........             (no amulet)
HPRegen  0.05/turn              (no ring)
MPRegen  0.07/turn              (no ring)

@: lethally poisoned (-4 -> -27)
A: (nimble swimmer 2), mertail
a: no special abilities


You were on level 1 of the Dungeon.
You visited 1 branch of the dungeon, and saw 1 of its levels.

Inventory:

Hand Weapons
 a - a +0 trident (weapon)
Missiles
 d - 3 throwing nets (quivered)
Armour
 b - a +0 leather armour (worn)
 c - a +0 helmet (worn)
Scrolls
 e - a scroll of teleportation {unknown}


   Skills:
 - Level 2.1 Fighting
 + Level 4.8 Polearms
 - Level 2.0 Throwing
 - Level 4.0 Dodging


You couldn't memorise any spells.
You didn't know any spells.
Your spell library was empty.

Dungeon Overview and Level Annotations

Branches:
Dungeon (1/15)

Altars:


Innate Abilities, Weirdness & Mutations

((You are quick and stealthy near water. (Stealth+, EV+, Speed+++)))
Your lower body shifts to a powerful aquatic tail in water.


Message History

You open the door.
Found a hunting sling.
A ball python and a kobold come into view.
The kobold is wielding a +1 dagger of venom.
The kobold shouts!
The kobold moves out of view.
There is an open door here.
A ball python is nearby!
A ball python is nearby!
The ball python hisses angrily.
You closely miss the ball python. The ball python closely misses you.
The ball python misses you.
The ball python bites you but does no damage.
The ball python grabs you. The ball python constricts you.
You hit the ball python but do no damage.
The ball python completely misses you. The ball python constricts you.
You hit the ball python.
You kill the ball python!
You closely miss the kobold.
The kobold hits you with a +1 dagger of venom.
You are poisoned.
You barely miss the kobold.
You feel very sick. The kobold closely misses you.
You barely miss the kobold.
You feel sick.
A ball python comes into view.
The kobold misses you. The kobold hits you but does no damage.
You are lethally poisoned!
The ball python hisses angrily.
You hit the kobold.
The kobold is moderately wounded.
You feel very sick. The kobold barely misses you.
* * * LOW HITPOINT WARNING * * *
You feel very sick.
The kobold hits you with a +1 dagger of venom.
* * * LOW HITPOINT WARNING * * *
You are more poisoned.
There is an open door here.
You die...

######### ########
#........ .......#
#.....?.. ...###.########
#........ .#.##..........
+........
#......###########........
.....>..........@'K.......
##################....S...
# ≈§≈≈§≈≈≈≈≈≈§≈≈≈##.......
# ≈≈≈≈§.....≈≈≈≈≈ #).....
# ≈§....≈≈≈....≈§ ...... #
≈...≈≈≈.≈≈≈...≈ ...... #
≈..≈≈..<.≈≈≈... ......
≈...≈≈≈.≈≈≈(..≈ ...
≈≈....≈≈≈....§≈


You could see a ball python and a kobold.

Vanquished Creatures
  An endoplasm (D:1)
  A quokka (D:1)
  A ball python (D:1)
3 creatures vanquished.

Notes
Turn   | Place    | Note
-------+----------+-------------------------------------------
     0 | D:1      | CryptoCactus the Merfolk Gladiator began the quest for the
                  | Orb.
     0 | D:1      | Reached XP level 1. HP: 16/16 MP: 1/1
   102 | D:1      | Succumbed to a kobold's poison

Illustrated notes

Levels and vault maps discovered:
D:1:      dpeg_arrival_shrine, layout_basic, serial_shops,
          nicolae_shop_waterfront, serial_glass, glass_columns_a,
          glass_columns_b, due_unseen_surprise, item_on_display_a,
          dreamdust_ecumenical_altar_grove

Action                   || total
-------------------------++-------
Melee: Trident           ||    10
Armor: Leather armour    ||     2
Dodge: Dodged            ||     7
